 Dungeon Crawl Stone Soup version 0.28-a0-577-gb193047a1f (webtiles) character file.

Game seed: 8115352189814281888

184 SkiChan the Skirmisher (level 5, -1/46 (48) HPs)
             Began as a Minotaur Fighter on Oct 2, 2021.
             Slain by Crazy Yiuf (6 damage)
             ... on level 3 of the Dungeon.
             The game lasted 00:02:18 (3087 turns).

SkiChan the Skirmisher (Minotaur Fighter)           Turns: 3087, Time: 00:02:20

HP:   -1/46 (48)    AC:  9    Str: 21    XL:     5   Next: 36%
MP:   4/4           EV:  7    Int:  5    God:
Gold: 99            SH:  4    Dex: 10    Spells: 4/4 levels left

rFire   . . .      SeeInvis .   a - +0 war axe
rCold   . . .      Faith    .   c - +0 buckler
rNeg    . . .      Spirit   .   k - +0 chain mail
rPois   .          Reflect  .   (helmet restricted)
rElec   .          Harm     .   (no cloak)
rCorr   .          Rampage  .   (no gloves)
Will    .....                   (no boots)
Stlth   ..........              (no amulet)
HPRegen 0.15/turn               (no ring)
MPRegen 0.09/turn               (no ring)

@: mighty, lethally poisoned (-1 -> -1), hasted, lightly drained, very quick
A: horns 2, retaliatory headbutt
a: no special abilities


You were on level 3 of the Dungeon.
You visited 1 branch of the dungeon, and saw 3 of its levels.

You collected 99 gold pieces.

Inventory:

Hand Weapons
 a - a +0 war axe (weapon)
Armour
 b - a +0 scale mail
 c - a +0 buckler (worn)
 k - a +0 chain mail (worn)
Wands
 n - a wand of iceblast (11)
Scrolls
 e - 2 scrolls of fear {unknown}
 f - a scroll of fog {unknown}
 g - 5 scrolls of identify {unknown}
 j - a scroll of blinking {unknown}
 l - a scroll of amnesia {unknown}
 p - 4 scrolls of teleportation {unknown}
 q - a scroll of noise {unknown}
Potions
 d - 2 potions of might
 h - a potion of berserk rage {unknown}
 i - a potion of heal wounds {unknown}
 m - a potion of ambrosia {unknown}
 o - a potion of curing {unknown}
 r - a potion of attraction {unknown}


   Skills:
 * Level 5.0 Fighting
 * Level 4.0(4.2) Axes
 + Level 1.8(3.1) Maces & Flails
 + Level 4.4 Armour
 + Level 4.4 Shields


You had 4 spell levels left.
You didn't know any spells.
Your spell library contained the following spells:

 Spells                   Type           Power      Damage    Failure   Level
 Ensorcelled Hibernation  Hex/Ice        0%         N/A       100%        2
 Gell's Gravitas          Tloc           0%         N/A       100%        3
 Lesser Beckoning         Tloc           0%         N/A       100%        3
 Spider Form              Tmut/Pois      0%         N/A       100%        3
 Teleport Other           Tloc           0%         N/A       100%        3


Dungeon Overview and Level Annotations

Branches:
Dungeon (3/15)

Altars:

Annotations:
D:3 Crazy Yiuf


Innate Abilities, Weirdness & Mutations

You have a pair of horns on your head.
You reflexively headbutt those who attack you in melee.


Message History

Crazy Yiuf whimpers, "Two head cower!"
Crazy Yiuf hits you with a +4 quarterstaff of chaos.
Crazy Yiuf burns you.
You barely miss Crazy Yiuf. You block Crazy Yiuf's attack.
Crazy Yiuf hits you with a +4 quarterstaff of chaos.
You are poisoned.
You hit Crazy Yiuf. Your headbutt misses Crazy Yiuf.
Crazy Yiuf is lightly wounded.
You feel very sick. You block Crazy Yiuf's attack.
You barely miss Crazy Yiuf.
Crazy Yiuf is lightly wounded.
You feel very sick. Crazy Yiuf closely misses you.
You barely miss Crazy Yiuf. You headbutt Crazy Yiuf!
Crazy Yiuf is severely wounded.
You feel sick.
Crazy Yiuf hits you with a +4 quarterstaff of chaos.
You resist with some effort. You block Crazy Yiuf's attack.
You hit Crazy Yiuf.
Crazy Yiuf is almost dead.
You feel sick.
Crazy Yiuf hits you with a +4 quarterstaff of chaos.
You feel yourself speed up.
You hit Crazy Yiuf.
Crazy Yiuf is almost dead.
You feel sick.
Crazy Yiuf cries, "Island childish verde!"
Crazy Yiuf hits you with a +4 quarterstaff of chaos.
You feel very mighty all of a sudden.
You completely miss Crazy Yiuf.
Crazy Yiuf is almost dead.
You feel sick.
You barely miss Crazy Yiuf.
Crazy Yiuf is almost dead.
You feel sick.
Crazy Yiuf hits you with a +4 quarterstaff of chaos!
* * * LOW HITPOINT WARNING * * *
You feel drained.
You die...

#.####....#
###### #.#
#....# .....#
#.# ♣..P.♣
.....#####.#
♣♣P..♣
####.......#
♣♣.♣♣
###.##### ♣♣.♣
######.#####
♣.♣♣
.<.........#
♣♣.♣
#.#.##.#####
♣@♣♣ #.#.##.#
#g# #<#.#####
... #.#.....#
#...#
#.#####.#
#)..#
#.....#.#
#####
......#.#
......#.# ###
##....#.###.##


You could see Crazy Yiuf.

Vanquished Creatures
  A phantom (D:3)
  A hound (D:3)
  An adder (D:3)
  3 dart slugs
  6 ball pythons
  5 bats
  5 endoplasms
  3 giant cockroaches
  5 goblins
  9 hobgoblins
  4 jackals (D:1)
  A quokka (D:1)
  3 frilled lizards (D:1)
  9 kobolds
  5 rats
61 creatures vanquished.

Vanquished Creatures (others)
  A plant (D:1)
1 creature vanquished.

Grand Total: 62 creatures vanquished

Notes
Turn   | Place    | Note
-------+----------+-------------------------------------------
     0 | D:1      | SkiChan the Minotaur Fighter began the quest for the Orb.
     0 | D:1      | Reached XP level 1. HP: 19/19 MP: 0/0
    52 | D:1      | Reached XP level 2. HP: 27/27 MP: 1/1
    57 | D:1      | Reached skill level 4 in Fighting
   415 | D:1      | Found a faded altar of an unknown god.
   556 | D:1      | Reached skill level 1 in Maces & Flails
   556 | D:1      | Reached XP level 3. HP: 30/33 MP: 2/2
  2016 | D:3      | Found a runed translucent door.
  2017 | D:3      | Noticed Crazy Yiuf
  2145 | D:3      | Reached XP level 4. HP: 40/41 MP: 3/3
  2699 | D:3      | Noticed a phantom
  2707 | D:3      | Killed a phantom
  2708 | D:3      | Reached skill level 5 in Fighting
  2708 | D:3      | Reached XP level 5. HP: 45/48 MP: 4/4
  3087 | D:3      | Slain by Crazy Yiuf

Illustrated notes

Levels and vault maps discovered:
D:1:      tarquinn_simple_flora_water_e, layout_basic,
          ebering_ecumenical_altar_hall, serial_forest,
          infiniplex_forest_lined_corner, infiniplex_forest_end_3,
          infiniplex_forest_clump_small, infiniplex_forest_clump_medium,
          infiniplex_forest_corner_1, infiniplex_forest_end_2
D:2:      wad_pebble_path, layout_basic, serial_curves, eino_curves_01,
          eino_curves_04, eino_curves_03
D:3:      layout_loops_ring, serial_co_window_serial, co_window_paths_a,
          co_window_paths_a, co_window_cross_1, co_window_corner_a,
          co_window_corner_a, co_window_paths_a, co_window_paths_a,
          co_window_corner_ca, co_window_unsneaky_path_a, co_window_cross_3,
          co_window_paths_c, co_window_corner_b, co_window_cross_2,
          co_window_4corner_a, uniq_crazy_yiuf_cottage

Skill      XL: |  1  2  3  4 |
---------------+-------------+-----
Fighting       | 4 5 |  5.0
Maces & Flails | 1 |  1.8
Shields        | 4 |  4.4
Axes           | 3 4 |  4.0
Armour         | 4 |  4.4

Action                   |  1- 3 |  4- 6 || total
-------------------------+-------+-------++-------
Melee: War axe           |    96 |    30 ||   126
       Headbutt          |    14 |     2 ||    16
Armor: Scale mail        |    29 |       ||    29
       Chain mail        |    28 |    13 ||    41
Dodge: Dodged            |    42 |     7 ||    49
Block: Buckler           |    18 |     7 ||    25

Table legend: (Time is in decaauts)
 A = Elapsed time spent in this place.
 B = Non-inter-level travel time spent in this place.
 C = Inter-level travel time spent in this place.
 D = Time resting spent in this place.
 E = Time spent auto-exploring this place.
 F = Levels seen in this place.
 G = Mean time per level.
                   A        B        C        D        E       F      G
               +--------+--------+--------+--------+--------+-----+--------+
         Total |   3130 |   3047 |     83 |      0 |   2676 |   3 | 1043.3 |
       Dungeon |   3130 |   3047 |     83 |      0 |   2676 |   3 | 1043.3 |
               +--------+--------+--------+--------+--------+-----+--------+

Top non-repeatable levels by time:
     D:3: 1205 daAuts
     D:1: 1145 daAuts
     D:2: 779 daAuts
